 Dungeon Crawl Stone Soup version 0.21-a0-521-g1cd18d1 (webtiles) character file.

430570 Laiders the Hoplite (level 22, -9/210 (213) HPs)
             Began as a Minotaur Fighter on Dec 5, 2017.
             Was the Champion of the Shining One.
             Mangled by an emperor scorpion (12 damage)
             ... summoned by a greater mummy
             ... on level 2 of the Tomb of the Ancients on Dec 6, 2017.
             The game lasted 02:29:53 (46088 turns).

Laiders the Hoplite (Minotaur Fighter)             Turns: 46088, Time: 02:29:54

HP:   -9/210 (213)  AC: 35    Str: 33    XL:     22   Next: 83%
MP:   0/29          EV: 23    Int:  5    God:    the Shining One [******]
Gold: 2011          SH: 30    Dex: 19    Spells: 21/21 levels left

rFire    + + .     SeeInvis .   o - +7 morningstar of Duty {flame, Int+3}
rCold    + . .     Gourm    .   O - +4 large shield {rC+ rF+}
rNeg     + + +     Faith    .   F - +7 plate armour of Daxtio Ciusi {Regen+ Int-4 Slay+3}
rPois    .         Spirit   +   (helmet unavailable)
rElec    +         Reflect  .   a - +0 cloak of Tomorrow {MR+}
rCorr    .         Harm     .   R - +2 pair of gloves {Dex+3}
MR       +++..                  C - +2 pair of boots {Stlth+}
Stlth    ..........             c - amulet of Larraer {Spirit rElec rF+}
HPRegen  0.85/turn              L - ring of protection from magic
MPRegen  0.21/turn              z - ring "Xyeparr" {Dex+4 Slay+5}

@: mighty, glowing
A: retaliatory headbutt, horns 3, repulsion field 1
}: 2/15 runes: serpentine, barnacled
a: Divine Shield, Cleansing Flame, Summon Divine Warrior, Brand Weapon With Holy
Wrath, Renounce Religion


You were on level 2 of the Tomb of the Ancients.
You worshipped the Shining One.
The Shining One was exalted by your worship.
You were very hungry.

You visited 7 branches of the dungeon, and saw 37 of its levels.
You visited 1 bazaar.
You also visited: Ossuary, Ice Cave and Desolation.

You collected 4065 gold pieces.
You spent 2054 gold pieces at shops.

Inventory:

Hand Weapons
 o - the +7 morningstar of Duty (weapon) {flame, Int+3}
   (You bought it in a shop in a bazaar)

   It has been specially enchanted to burn those struck by it, causing extra
   injury to most foes and up to half again as much damage against particularly
   susceptible opponents.
   It affects your intelligence (+3).
Missiles
 i - 126 tomahawks (quivered)
 V - 7 throwing nets
Armour
 a - the +0 cloak of Tomorrow (worn) {MR+}
   (You bought it in a shop on level 4 of the Shoals)

   It affects your resistance to hostile enchantments.
 C - a +2 pair of boots of stealth (worn)
 F - the +7 plate armour of Daxtio Ciusi (worn) {Regen+ Int-4 Slay+3}
   (You found it on level 1 of the Vaults)

   It affects your intelligence (-4).
   It affects your accuracy and damage with ranged weapons and melee attacks
   (+3).
   It increases your rate of regeneration.
 O - a +4 large shield of resistance (worn)
 R - a +2 pair of gloves of dexterity (worn)
Jewellery
 c - the amulet of Larraer (around neck) {Spirit rElec rF+}
   (You bought it in a shop in a bazaar)

   [amulet of guardian spirit]

   It causes incoming damage to be split between your health and magic.
   It protects you from fire.
   It insulates you from electricity.
 n - the ring "Amahiseo" {+Fly rC+}
   (You found it in the Desolation of Salt)

   [ring of flight]

   It protects you from cold.
   It lets you fly.
 z - the ring "Xyeparr" (right hand) {Dex+4 Slay+5}
   (You found it in the Desolation of Salt)

   [ring of slaying]

   It affects your dexterity (+4).
   It affects your accuracy and damage with ranged weapons and melee attacks
   (+5).
 H - an uncursed ring of resist corrosion
 I - a +6 ring of evasion
 J - an uncursed ring of poison resistance
 L - a ring of protection from magic (left hand)
 T - an uncursed amulet of regeneration
Wands
 b - a wand of iceblast (32)
 l - a wand of scattershot (8)
 q - a wand of disintegration (29)
 B - a wand of paralysis (28)
 G - a wand of acid (41)
 Q - a wand of flame (67)
 X - a wand of enslavement (17)
 Y - a wand of polymorph (43)
Scrolls
 e - 16 scrolls of teleportation
 p - a scroll of silence
 x - 2 scrolls of blinking
 y - 3 scrolls of fog
 E - 4 scrolls of magic mapping
 N - 9 scrolls of identify
 P - 2 scrolls of enchant weapon
 U - 15 scrolls of remove curse
Potions
 d - 4 potions of might
 h - 13 potions of curing
 k - 6 potions of flight
 r - a potion of berserk rage
 s - 4 potions of haste
 v - 4 potions of resistance
 w - 8 potions of lignification
 D - a potion of ambrosia
 S - a potion of mutation
 Z - 2 potions of cancellation
Miscellaneous
 j - 2 phantom mirrors
 u - a lightning rod (4/4)
Comestibles
 f - 26 bread rations
 g - 29 royal jellies
 m - 27 fruits
 A - 17 meat rations


   Skills:
 - Level 21.4 Fighting
 - Level 16.0 Maces & Flails
 - Level 10.0 Throwing
 - Level 20.0 Armour
 + Level 17.3 Dodging
 - Level 21.5 Shields
 + Level 10.7 Invocations
 + Level 10.5 Evocations


You had 21 spell levels left.
You didn't know any spells.

Dungeon Overview and Level Annotations

Branches:
Dungeon (15/15)            Temple (0/1) D:4            Lair (6/6) D:9
 Shoals (4/4) Lair:2        Snake (4/4) Lair:3        Slime (0/5) Lair:6
    Orc (0/2) D:12         Vaults (3/5) D:13          Crypt (3/3) Vaults:3
   Tomb (2/3) Crypt:3      Depths (0/5) D:15

Altars:
Ashenzari
Cheibriados
Dithmenos
Elyvilon
Fedhas
Gozag
Kikubaaqudgha
Makhleb
Nemelex Xobeh
Qazlal
Trog
Vehumet
Wu Jian
Yredelemnul
Zin
The Shining One
Jiyva

Shops:
D:8 *%:   Shoals:4 [   Snake:2 (}*   Vaults:1 ?   Vaults:2 :


Innate Abilities, Weirdness & Mutations

You reflexively headbutt those who attack you in melee.
You have a pair of large horns on your head.
You are surrounded by a mild repulsion field. (EV +2)


Message History

* * * LOW HITPOINT WARNING * * *
Something closely misses your daeva. You block the mana viper's attack.
Your daeva hits the emperor scorpion with a long sword of holy wrath! x2
A mummy priest comes into view.
You impale the greater mummy!! You burn the greater mummy!
The greater mummy is severely damaged.
You are feeling very hungry.
Your daeva blocks the death scarab's attack.
Your daeva blocks something's attack.
Your daeva blocks the death scarab's attack.
You block the guardian mummy's attack. The greater mummy hits you!!
* * * LOW HITPOINT WARNING * * *
You block the emperor scorpion's attack. x3
The mana viper closely misses you. The greater mummy closely misses you.
The emperor scorpion closely misses you.
You furiously retaliate!
You headbutt the emperor scorpion. The emperor scorpion barely misses you.
The emperor scorpion claws you but does no damage.
The emperor scorpion stings you!
You die...

#.(. ..# ##...
...#
#....#######....
................
......s...?.....
.......§§§).....
.....§ssAM§..)..
....§§ssMs§.....
....§ss@Mz§.....
.....sMsSVV.M...
.....§ssSMM.....
.....§§..Z.M....
#....#######....
##... ...# #...
..# ...


You could see 4 greater mummies, 7 emperor scorpions, a mummy priest, a
jiangshi, 2 mana vipers, 2 guardian mummies, a spectral titan, a vampire, 4
death scarabs, a flying skull, a mummy and a friendly daeva.

Vanquished Creatures
  Khufu (Crypt:3)
  A greater mummy (Tomb:1)
  Bai Suzhen (Crypt:3)
  Xtahua (Vaults:3)
  A profane servitor (Crypt:3)
  Nikola (Shoals:4)
  A bone dragon (Crypt:3)
  3 liches
  An Ice Fiend (Tomb:1)
  A kraken (Shoals:2)
  6 sphinxes (Tomb:1)
  6 ancient champions
  A storm dragon (Vaults:3)
  Donald (Crypt:1)
  15 nagarajas
  3 tengu reavers
  2 revenants
  Roxanne (Shoals:2)
  Ilsuiw (Shoals:4)
  11 vault wardens
  A fire giant (Vaults:3)
  3 frost giants
  2 imperial myrmidons (Desolation)
  13 ironheart preservers
  9 ghouls
  An entropy weaver (Vaults:2)
  7 very ugly things (Vaults:3)
  4 stone giants
  5 vampire knights
  A war gargoyle (Vaults:3)
  3 halazid warlocks (Desolation)
  5 merfolk javelineers
  5 eidola
  A deep elf death mage (Crypt:3)
  2 ettins
  3 fire dragons
  A crystal guardian (Desolation)
  16 jiangshi
  5 ragged hierophants
  2 great orbs of eyes (Vaults:3)
  6 mummy priests
  An ice dragon (Vaults:3)
  10 merfolk impalers
  3 yaktaur captains
  26 naga warriors
  16 vault guards
  11 hydras
  9 servants of whispers (Desolation)
  2 rakshasas (Vaults:2)
  7 peacekeepers (Desolation)
  4 merfolk aquamancers (Shoals:4)
  4 alligator snapping turtles
  A catoblepas (Lair:6)
  9 ogre magi
  6 anacondas
  4 merfolk avatars
  Erica (D:11)
  2 alligators (Lair:5)
  5 death yaks
  5 death knights
  5 centaur warriors
  36 two-headed ogres
  A satyr (Shoals:4)
  4 vampire magi
  3 tengu warriors
  14 naga sharpshooters
  2 soul eaters
  Sonja (Lair:4)
  6 shock serpents
  A hell knight (Crypt:3)
  32 skeletal warriors
  2 deep elf knights
  2 salamander mystics (Snake:3)
  8 sea snakes
  4 shadow wraiths (Crypt:3)
  2 flayed ghosts (Crypt:3)
  4 naga ritualists
  5 deep trolls (Vaults:2)
  2 wizards
  6 deep elf archers
  2 glowing orange brains
  10 harpies
  2 unseen horrors
  A spectral wolf spider (Crypt:3)
  A shadow dragon zombie (Crypt:1)
  26 ironbrand convokers
  An iron dragon zombie (Crypt:1)
  7 necromancers
  A lindwurm (Lair:6)
  Pikel (D:4)
  4 orc knights
  2 wolf spiders
  6 phantasmal warriors
  32 ugly things
  9 salamanders
  10 cyclopes
  4 fauns (Shoals:1)
  A fire giant zombie (Vaults:3)
  9 deep elf magi
  15 mana vipers
  11 manticores
  10 merfolk sirens
  A salamander (shapeshifter) (Vaults:2)
  A stone giant skeleton (Crypt:3)
  2 fire giant skeletons
  2 ice statues
  37 black mambas
  5 molten gargoyles
  A shock serpent zombie (Crypt:1)
  A frost giant skeleton (Vaults:2)
  5 elephants (Lair:3)
  10 guardian serpents
  A dire elephant zombie (Tomb:1)
  2 centaur zombies
  7 vault sentinels
  Maurice (D:13)
  4 water nymphs
  8 spiny frogs
  5 gargoyles (D:7)
  A yaktaur zombie (Vaults:2)
  13 naga magi
  A dire elephant skeleton (Crypt:1)
  A storm dragon simulacrum (Crypt:1)
  A torpor snail (Lair:6)
  A white draconian zombie (Crypt:2)
  The ghost of brew9 the Conjurer, a novice DrWz of Sif Muna (D:5)
  2 rime drakes
  10 yaktaurs
  3 kobold demonologists (D:13)
  A red draconian zombie (Crypt:1)
  9 komodo dragons
  18 freezing wraiths
  A death yak skeleton (Crypt:2)
  14 guardian mummies
  A harpy zombie (Crypt:1)
  A sea snake skeleton (Crypt:1)
  A tengu conjurer (Vaults:1)
  A queen ant zombie (Crypt:2)
  A queen bee (Lair:1)
  38 merfolk
  4 wind drakes
  4 trolls
  A jumping spider (Vaults:2)
  A fire giant simulacrum (Crypt:1)
  A wolf spider simulacrum (IceCv)
  A meliai (D:14)
  4 hornets
  50 saltlings
  18 blink frogs
  A satyr zombie (Crypt:1)
  7 hippogriffs
  2 polar bears
  13 slime creatures
  A frost giant simulacrum (Vaults:2)
  6 dream sheep
  4 bog bodies
  A fire dragon zombie (Crypt:1)
  7 snapping turtles
  6 water elementals
  56 flying skulls
  Sigmund (D:4)
  An ettin skeleton (Vaults:3)
  8 shadows
  41 yaks
  A large abomination (Crypt:3)
  5 wraiths
  2 redbacks (Vaults:2)
  3 ushabtiu (Tomb:1)
  A human (D:7)
  7 wyverns
  3 basilisks
  3 hogs (D:7)
  2 steam dragons (Lair:6)
  2 hungry ghosts
  3 vampire mosquitoes (D:15)
  3 small abominations (Crypt:3)
  A wind drake skeleton (Crypt:1)
  A water nymph zombie (Crypt:2)
  A death yak simulacrum (IceCv)
  3 swamp worms (Lair:5)
  4 acid dragons
  52 nagas
  A deep troll skeleton (Vaults:3)
  Duvessa (D:4)
  9 water moccasins
  9 porcupines
  A spiny frog zombie (Crypt:1)
  3 hell hounds (Lair:6)
  A swamp drake (Lair:5)
  3 sky beasts
  4 black bears
  11 orc warriors
  A human zombie (Vaults:2)
  8 ice beasts
  3 phantoms
  An eye of draining (D:13)
  30 ogres
  An ettin simulacrum (Vaults:3)
  10 necrophages
  12 wolves
  5 boggarts (Vaults:3)
  20 centaurs
  2 human skeletons
  17 crocodiles
  4 big kobolds
  A salamander zombie (Crypt:2)
  24 bullfrogs
  A gnoll sergeant (D:6)
  A human simulacrum (Vaults:3)
  A spriggan zombie (Crypt:1)
  3 scorpions
  Dowan (D:4)
  An elephant simulacrum (IceCv)
  A manticore simulacrum (Tomb:1)
  33 killer bees
  4 wights
  4 howler monkeys
  5 crimson imps
  5 draconian simulacra (IceCv)
  5 lava snakes (Lair:6)
  4 bullfrog zombies
  A quasit (D:9)
  A basilisk zombie (Crypt:1)
  11 hounds
  3 jellies
  11 orc priests
  4 centaur skeletons
  Jessica (D:2)
  5 iguanas
  15 orc wizards
  6 worker ants
  6 troll simulacra (IceCv)
  A killer bee zombie (D:8)
  2 spriggan simulacra (IceCv)
  A wolf simulacrum (IceCv)
  A big kobold zombie (Ossuary)
  5 centaur simulacra (IceCv)
  An ogre skeleton (Crypt:2)
  15 mummies
  3 hound zombies
  A howler monkey zombie (D:10)
  A worker ant zombie (Crypt:1)
  5 gnolls (D:6)
  13 adders
  2 ogre simulacra (IceCv)
  2 shadow imps
  24 white imps
  An ooze (D:3)
  An adder skeleton (D:7)
  An adder zombie (D:5)
  5 dart slugs
  6 worms
  3 leopard geckos
  88 orcs
  4 giant cockroaches
  2 gnoll zombies (Ossuary)
  7 goblins
  6 hobgoblins
  12 jackals
  3 quokkas
  A ball python (D:3)
  5 bats
  A frilled lizard (D:2)
  A frilled lizard skeleton (Crypt:1)
  15 kobolds
  6 kobold zombies
  A leopard gecko skeleton (D:4)
  2 leopard gecko zombies
  An orc zombie (Crypt:3)
  4 rats
  A fungus (Lair:4)
  A plant (Lair:2)
  2 tentacles (Shoals:2)
1706 creatures vanquished.

Vanquished Creatures (collateral kills)
  An ancient lich (Crypt:2)
  An ancient champion (Tomb:2)
  A nagaraja (Snake:4)
  A vault warden (Vaults:3)
  Aizul (Snake:1)
  A ghoul (Crypt:2)
  A juggernaut skeleton (Crypt:2)
  A vampire knight (Crypt:2)
  The ghost of Roxy the Bludgeoner, a journeyman FoFi of the Shining One (D:14)
  A dire elephant (D:15)
  A merfolk javelineer (Shoals:4)
  A merfolk impaler (Shoals:4)
  3 eidola (Crypt:2)
  2 mummy priests (Tomb:1)
  Fannar (D:10)
  A vault guard (Vaults:2)
  4 naga warriors
  2 centaur warriors
  An anaconda (Snake:1)
  2 death knights
  A two-headed ogre (D:14)
  A two-headed ogre (shapeshifter) (D:15)
  A soul eater (Crypt:2)
  4 naga sharpshooters
  An unseen horror (D:14)
  A skeletal warrior (Tomb:2)
  4 naga ritualists
  An orc knight (Vaults:2)
  5 ugly things
  An oklob plant (Lair:4)
  2 manticores
  A salamander (D:15)
  A guardian serpent (Snake:3)
  5 black mambas
  A vault sentinel (Vaults:2)
  A naga mage (Snake:3)
  2 centaur skeletons
  A freezing wraith (Vaults:2)
  An efreet (D:14)
  2 guardian mummies
  5 merfolk (Shoals:4)
  2 meliai (D:14)
  A slime creature (D:15)
  A wraith (D:14)
  2 yaks (D:10)
  4 flying skulls (Tomb:2)
  3 ushabtiu (Tomb:1)
  2 wargs (Vaults:2)
  15 nagas
  An ice beast (D:14)
  A necrophage (Crypt:2)
  A boggart (D:14)
  A jelly (D:14)
  2 crimson imps (D:14)
  A hound (D:10)
  An orc wizard (D:10)
  A worker ant (D:14)
  2 mummies
  A shadow imp (D:14)
  3 orcs
  A jackal (D:10)
116 creatures vanquished.

Vanquished Creatures (others)
  A naga warrior (Snake:4)
  A naga sharpshooter (Snake:3)
  A deep troll (Vaults:3)
  2 saltlings (Desolation)
  A human (D:4)
  An orc priest (D:4)
  2 mummies (Tomb:1)
  An orc (D:13)
  A quokka skeleton (D:6)
  12 fungi
  3 plants
  4 tentacles (Shoals:2)
30 creatures vanquished.

Grand Total: 1852 creatures vanquished

Notes
Turn   | Place    | Note
-------+----------+-------------------------------------------
     0 | D:1      | Laiders the Minotaur Fighter began the quest for the Orb.
     0 | D:1      | Reached XP level 1. HP: 19/19 MP: 0/0
   262 | D:1      | Reached XP level 2. HP: 26/26 MP: 1/1
   444 | D:1      | Found a glowing golden altar of the Shining One.
  1187 | D:1      | Became a worshipper of the Shining One
  1246 | D:2      | Reached XP level 3. HP: 27/31 MP: 2/2
  1499 | D:2      | Found a faded altar of an unknown god.
  1502 | D:2      | Reached skill level 5 in Maces & Flails
  1557 | D:2      | Noticed Jessica
  1565 | D:2      | Killed Jessica
  1565 | D:2      | Reached XP level 4. HP: 39/39 MP: 3/3
  1595 | D:2      | Found a blossoming altar of Fedhas.
  2129 | D:3      | Noticed an ice beast
  2137 | D:3      | Killed an ice beast
  2137 | D:3      | Reached XP level 5. HP: 33/45 MP: 4/4
  2514 | D:3      | Reached XP level 6. HP: 51/51 MP: 5/5
  2723 | D:4      | Noticed Sigmund
  2738 | D:4      | Killed Sigmund
  2738 | D:4      | Reached * piety under the Shining One
  2763 | D:4      | Found a sand-covered staircase.
  2791 | Ossuary  | Entered an ossuary
  2827 | Ossuary  | Reached ** piety under the Shining One
  2842 | Ossuary  | Reached XP level 7. HP: 56/57 MP: 6/6
  3074 | D:4      | Noticed Pikel
  3088 | D:4      | Paralysed by Pikel for 4 turns
  3093 | D:4      | Killed Pikel
  3179 | D:4      | Reached XP level 8. HP: 64/64 MP: 7/7
  3211 | D:4      | Found a staircase to the Ecumenical Temple.
  3224 | D:4      | Found a radiant altar of Vehumet.
  3224 | D:4      | Found a snail-covered altar of Cheibriados.
  3226 | D:4      | Found an ancient bone altar of Kikubaaqudgha.
  3226 | D:4      | Found a sparkling altar of Nemelex Xobeh.
  3229 | D:4      | Found a stormy altar of Qazlal.
  3229 | D:4      | Found a shattered altar of Ashenzari.
  3231 | D:4      | Found a white marble altar of Elyvilon.
  3319 | D:4      | Noticed Dowan
  3321 | D:4      | Noticed Duvessa
  3324 | D:4      | Killed Dowan
  3337 | D:4      | Killed Duvessa
  3692 | D:4      | Found an ancient bone altar of Kikubaaqudgha.
  4064 | D:5      | Entered Level 5 of the Dungeon
  4065 | D:5      | Found an ornate altar of the Wu Jian Council.
  4203 | D:5      | Noticed brew9's ghost (novice DrWz)
  4215 | D:5      | Killed brew9's ghost
  4613 | D:5      | Reached XP level 9. HP: 48/70 MP: 8/8
  4652 | D:6      | Reached *** piety under the Shining One
  4797 | D:6      | Found a bloodstained altar of Trog.
  5063 | D:6      | Reached skill level 1 in Invocations
  5605 | D:7      | Found a glowing silver altar of Zin.
  5606 | D:7      | Found a burning altar of Makhleb.
  5621 | D:7      | Noticed an angel
  5622 | D:7      | Noticed a blizzard demon
  5660 | D:7      | Noticed a two-headed ogre
  5662 | D:7      | Reached **** piety under the Shining One
  5669 | D:7      | Killed a two-headed ogre
  5669 | D:7      | Reached skill level 5 in Fighting
  5669 | D:7      | Reached skill level 5 in Armour
  5669 | D:7      | Reached skill level 5 in Shields
  5679 | D:7      | Reached XP level 10. HP: 18/83 MP: 9/11
  6041 | D:7      | Noticed a gargoyle
  6051 | D:7      | Killed a gargoyle
  6055 | D:7      | Noticed a gargoyle
  6066 | D:7      | Killed a gargoyle
  6081 | D:7      | Noticed a gargoyle
  6088 | D:7      | Killed a gargoyle
  6094 | D:7      | Noticed a gargoyle
  6099 | D:7      | Killed a gargoyle
  6107 | D:7      | Noticed a gargoyle
  6122 | D:7      | Killed a gargoyle
  6186 | D:7      | Reached skill level 5 in Invocations
  6345 | D:7      | Found a blossoming altar of Fedhas.
  6480 | D:8      | Found Hihad's Assorted Antiques.
  6483 | D:8      | Bought a pair of glowing boots for 262 gold pieces
  6543 | D:8      | Noticed a two-headed ogre
  6551 | D:8      | Killed a two-headed ogre
  6918 | D:8      | Found Raicviq's Book Shoppe.
  7030 | D:8      | Found Voghoit's Food Shop.
  7144 | D:8      | Found a bloodstained altar of Trog.
  7306 | D:9      | Reached XP level 11. HP: 49/94 MP: 14/14
  7327 | D:9      | Found an opulent altar of Gozag.
  7925 | D:9      | Found a staircase to the Lair.
  8525 | D:10     | Entered Level 10 of the Dungeon
  8729 | D:10     | Noticed a two-headed ogre
  8729 | D:10     | Reached ***** piety under the Shining One
  8741 | D:10     | Killed a two-headed ogre
  8838 | D:10     | Noticed Fannar
  8871 | D:10     | Killed Fannar
  8919 | D:10     | Noticed a two-headed ogre
  8930 | D:10     | Killed a two-headed ogre
  9383 | D:11     | Noticed a cyan ugly thing
  9395 | D:11     | Killed a cyan ugly thing
  9843 | D:11     | Noticed an unseen horror
  9848 | D:11     | Killed an unseen horror
  9848 | D:11     | Reached skill level 10 in Fighting
  9848 | D:11     | Reached skill level 10 in Shields
  9852 | D:11     | Reached skill level 10 in Armour
 10064 | D:11     | Noticed Erica
 10073 | D:11     | Killed Erica
 10122 | D:11     | Reached XP level 12. HP: 52/106 MP: 16/16
 10978 | D:12     | Found a staircase to the Orcish Mines.
 11092 | D:12     | Identified the Incunabulum of Aerial Sinister Arts
 11320 | D:12     | Reached skill level 10 in Invocations
 11717 | D:12     | Reached skill level 1 in Dodging
 11849 | D:13     | Noticed Maurice
 11867 | D:13     | Killed Maurice
 11917 | D:13     | Found a frozen archway.
 12035 | IceCv    | Entered an ice cave
 12200 | IceCv    | Reached ****** piety under the Shining One
 12248 | IceCv    | Found an ancient bone altar of Kikubaaqudgha.
 12670 | IceCv    | Identified the Compendium of Ice
 12885 | D:13     | Found a basalt altar of Yredelemnul.
 13040 | D:13     | Found a gate to the Vaults.
 13040 | D:13     | Noticed a vault guard
 13040 | D:13     | Noticed a vault guard
 13040 | D:13     | Noticed a vault guard
 13040 | D:13     | Noticed a vault guard
 13040 | D:13     | Noticed a vault guard
 13041 | D:13     | Noticed a vault guard
 13041 | D:13     | Noticed a vault guard
 13041 | D:13     | Noticed a vault guard
 13058 | D:13     | Killed a vault guard
 13067 | D:13     | Killed a vault guard
 13067 | D:13     | Reached XP level 13. HP: 106/116 MP: 19/19
 13118 | D:13     | Reached skill level 5 in Dodging
 14554 | D:14     | Noticed Roxy's ghost (journeyman FoFi)
 14558 | D:14     | Killed Roxy's ghost
 15158 | D:14     | Reached XP level 14. HP: 127/127 MP: 20/20
 15581 | D:15     | Entered Level 15 of the Dungeon
 16066 | D:15     | Found a staircase to the Depths.
 16113 | D:15     | Found a shadowy altar of Dithmenos.
 16313 | Lair:1   | Entered Level 1 of the Lair of Beasts
 16937 | Lair:1   | Got a spiked plate armour
 16948 | Lair:1   | Identified the cursed +0 plate armour of the Republic {rCorr Dex+3} (You found it on level 1 of the Lair of Beasts)
 17978 | Lair:2   | Got a heavily runed plate armour
 17989 | Lair:2   | Identified the +6 plate armour of Bewnuwk {Str+7} (You found it on level 2 of the Lair of Beasts)
 18133 | Lair:2   | Found a staircase to the Shoals.
 18388 | Lair:3   | Found a staircase to the Snake Pit.
 19327 | Lair:4   | Found a stormy altar of Qazlal.
 19425 | Lair:4   | Noticed Sonja
 19437 | Lair:4   | Killed Sonja
 19830 | Lair:5   | Reached XP level 15. HP: 136/138 MP: 21/21
 19854 | Lair:5   | Reached skill level 10 in Dodging
 20968 | Lair:6   | Entered Level 6 of the Lair of Beasts
 21186 | Lair:6   | Found a large runed door.
 21187 | Lair:6   | Found a large runed door.
 21509 | Lair:6   | Reached skill level 15 in Armour
 21509 | Lair:6   | Reached skill level 15 in Shields
 21534 | Lair:6   | Reached skill level 15 in Fighting
 21617 | Lair:6   | Reached skill level 1 in Throwing
 21639 | Lair:6   | Reached skill level 1 in Evocations
 21854 | Lair:6   | Found a viscous altar of Jiyva.
 21854 | Lair:6   | Found a staircase to the Slime Pits.
 22484 | Snake:1  | Entered Level 1 of the Snake Pit
 23366 | Snake:1  | Reached skill level 5 in Throwing
 23372 | Snake:1  | HP: 7/141 [poisoned by a naga ritualist (toxic radiance)]
 23995 | Snake:1  | Noticed Aizul
 24014 | Snake:1  | Killed Aizul
 24527 | Snake:2  | Reached skill level 5 in Evocations
 24527 | Snake:2  | Reached XP level 16. HP: 134/149 MP: 9/22
 24544 | Snake:2  | Found Vuehos Comu's Gadget Emporium.
 24746 | Snake:2  | Found Zuicrump's Antique Weapon Shoppe.
 25249 | Snake:2  | Found Xuexapao's Assorted Antiques.
 27375 | Snake:3  | Found a gateway to a bazaar.
 27407 | Bazaar   | Entered a bazaar
 27408 | Bazaar   | Found Niothraso's Food Emporium.
 27411 | Bazaar   | Found Ylail's Antique Weapon Emporium.
 27424 | Bazaar   | Found Massiviy's Assorted Antiques.
 27425 | Bazaar   | Bought a polished morningstar for 180 gold pieces
 27458 | Bazaar   | Found Afreidyura's Jewellery Boutique.
 27467 | Bazaar   | Found Dicaukaz's General Store.
 27506 | Bazaar   | Bought the amulet of Larraer {Spirit rElec rF+} for 510 gold pieces
 27510 | Bazaar   | Identified the +7 morningstar of Duty {flame, Int+3} (You bought it in a shop in a bazaar)
 27542 | Bazaar   | Bought a potion of mutation for 136 gold pieces
 27542 | Bazaar   | Bought a potion of resistance for 170 gold pieces
 27542 | Bazaar   | Bought a scroll of summoning for 161 gold pieces
 27626 | Snake:3  | Gained mutation: You are surrounded by a mild repulsion field. (EV +2) [potion of mutation]
 27626 | Snake:3  | Gained mutation: You have a pair of large horns on your head. [potion of mutation]
 27972 | Snake:4  | Entered Level 4 of the Snake Pit
 28452 | Snake:4  | Reached XP level 17. HP: 87/156 MP: 20/23
 28464 | Snake:4  | Reached skill level 10 in Throwing
 28902 | Snake:4  | Reached skill level 15 in Maces & Flails
 28955 | Snake:4  | Reached skill level 10 in Evocations
 28962 | Snake:4  | HP: 7/156 [poisoned by a naga warrior (splash of poison)]
 28968 | Snake:4  | HP: 5/156 [poisoned by a naga warrior (splash of poison)]
 28974 | Snake:4  | HP: 3/156 [poisoned by a naga warrior (splash of poison)]
 28979 | Snake:4  | HP: 2/156 [poisoned by a naga warrior (splash of poison)]
 28985 | Snake:4  | HP: 2/156 [poisoned by a naga warrior (splash of poison)]
 28991 | Snake:4  | HP: 2/156 [poisoned by a naga warrior (splash of poison)]
 28999 | Snake:4  | HP: 3/156 [poisoned by a naga warrior (splash of poison)]
 29852 | Snake:4  | Got a serpentine rune of Zot
 30817 | Snake:4  | Got a coiled zirconium amulet
 31023 | Shoals:1 | Entered Level 1 of the Shoals
 31059 | Shoals:1 | Identified the amulet of Ridghiamu {Harm *Drain rN+} (You took it off a naga warrior on level 4 of the Snake Pit)
 32019 | Shoals:2 | Noticed Roxanne
 32176 | Shoals:2 | Reached XP level 18. HP: 129/168 MP: 24/24
 32630 | Shoals:2 | Killed Roxanne
 33190 | Shoals:4 | Entered Level 4 of the Shoals
 33719 | Shoals:4 | Got a barnacled rune of Zot
 34330 | Shoals:4 | Found Riguf's Antique Armour Boutique.
 34338 | Shoals:4 | Bought a polished cloak for 285 gold pieces
 34348 | Shoals:4 | Identified the +0 cloak of Tomorrow {MR+} (You bought it in a shop on level 4 of the Shoals)
 34589 | Shoals:4 | Noticed Nikola
 34596 | Shoals:4 | Noticed Ilsuiw
 34756 | Shoals:4 | Killed Nikola
 34762 | Shoals:4 | Killed Ilsuiw
 35858 | D:8      | Bought 2 potions of heal wounds for 350 gold pieces
 35985 | Vaults:1 | Entered Level 1 of the Vaults
 36280 | Vaults:1 | Found a ruined gateway.
 36296 | Vaults:1 | Reached XP level 19. HP: 167/181 MP: 22/25
 36302 | Desolati | Entered the Desolation of Salt
 36456 | Desolati | Got a flickering brass ring
 36459 | Desolati | Identified the ring "Amahiseo" {+Fly rC+} (You found it in the Desolation of Salt)
 36464 | Desolati | Got an ancient ivory ring
 36465 | Desolati | Identified the ring "Xyeparr" {Dex+4 Slay+5} (You found it in the Desolation of Salt)
 36476 | Desolati | Got a pitted graven amulet
 36478 | Desolati | Identified the amulet "Busij" {Faith rElec rF+ Int+6 Dex-4} (You found it in the Desolation of Salt)
 36777 | Desolati | Identified the Disquisition on Spatial Evil
 36877 | Desolati | Identified Nutug's Almanac of Malediction
 37524 | Vaults:1 | Got a distressingly furry plate armour
 37535 | Vaults:1 | Identified the +7 plate armour of Daxtio Ciusi {Regen+ Int-4 Slay+3} (You found it on level 1 of the Vaults)
 38180 | Vaults:1 | Found Qucvore's Magic Scroll Emporium.
 38281 | Vaults:1 | Found a radiant altar of Vehumet.
 38281 | Vaults:1 | Noticed a lich
 38287 | Vaults:1 | Killed a lich
 38555 | Vaults:2 | Found Lorphafe's Book Shoppe.
 38715 | Vaults:2 | Reached XP level 20. HP: 187/193 MP: 24/26
 39229 | Vaults:2 | Reached skill level 15 in Dodging
 40398 | Vaults:3 | Found a staircase to the Crypt.
 40406 | Vaults:3 | Reached XP level 21. HP: 201/201 MP: 27/27
 40990 | Vaults:3 | Noticed Xtahua
 41001 | Vaults:3 | Killed Xtahua
 41601 | Crypt:1  | Entered Level 1 of the Crypt
 42164 | Crypt:1  | Noticed Donald
 42175 | Crypt:1  | Killed Donald
 42679 | Crypt:2  | Found a transporter.
 42713 | Crypt:2  | Noticed an ancient lich
 42725 | Crypt:2  | Killed an ancient lich
 42754 | Crypt:2  | Found a transporter.
 42764 | Crypt:2  | Got a twitching steel amulet
 42834 | Crypt:2  | Identified the amulet "Ariwnont" {Gourm +Inv rC+} (You found it on level 2 of the Crypt)
 43183 | Crypt:3  | Entered Level 3 of the Crypt
 43213 | Crypt:3  | Noticed Bai Suzhen
 43245 | Crypt:3  | Killed Bai Suzhen
 43245 | Crypt:3  | Reached XP level 22. HP: 203/211 MP: 25/28
 43363 | Crypt:3  | Found a basalt altar of Yredelemnul.
 43606 | Crypt:3  | Noticed Khufu
 43619 | Crypt:3  | Killed Khufu
 43669 | Crypt:3  | Found a staircase to the Tomb.
 43716 | Crypt:3  | Got a vibrating pewter ring
 43716 | Crypt:3  | Got a scintillating pewter ring
 43716 | Crypt:3  | Got a heavily runed steel ring
 43723 | Crypt:3  | Identified the ring "Tysod" {*Slow rF+ rC+ rN+ Str+2} (You found it on level 3 of the Crypt)
 43724 | Crypt:3  | Identified the ring "Tiul Zof" {rF+ rN+} (You found it on level 3 of the Crypt)
 43725 | Crypt:3  | Identified the ring "Unuvo" {rN+ Str+3} (You found it on level 3 of the Crypt)
 43932 | Crypt:3  | Got a shimmering plate armour
 43956 | Crypt:3  | Identified the +4 plate armour "Ziludwur" {*Slow +Inv rC+++ Int+4 Dex+4} (You found it on level 3 of the Crypt)
 44442 | Tomb:1   | Entered Level 1 of the Tomb of the Ancients
 44772 | Tomb:1   | Noticed a greater mummy
 44782 | Tomb:1   | Killed a greater mummy
 45319 | Tomb:1   | HP: 8/211 [ushabti] (15)]
 46074 | Tomb:2   | Noticed a greater mummy
 46074 | Tomb:2   | Noticed a greater mummy
 46074 | Tomb:2   | Noticed a greater mummy
 46074 | Tomb:2   | Noticed a greater mummy
 46088 | Tomb:2   | HP: 3/210 [greater mummy (22)]
 46088 | Tomb:2   | Mangled by an emperor scorpion

Vault maps used:
D:1:      dpeg_arrival_oval, tso_metal_star
D:2:      lemuel_crystal_altar, chequers_ecumenical_altar_simple_redux,
          uniq_jessica
D:4:      grunt_temple_overflow_open, minmay_temple_entry_butterflies,
          chequers_ossuary_entry_cave, tgw_kikubaaqudgha, uniq_pikel,
          uniq_sigmund, uniq_duvessa
D:5:      basic_altar, first_bread
D:6:      trog_book
D:7:      cheibrodos_statue_roulette, grunt_temple_overflow_order_and_chaos_2,
          grunt_livestock, fedhas_altar_fruit_tree
D:8:      serial_shops, shop_fountains, nicolae_shop_behind_doors,
          kennysheep_mini, trog_butcher_becter
D:9:      nicolae_gozag_seed_capital, due_lair_maze_entry_diamond
D:10:     uniq_fannar
D:11:     serial_column_ruins, column_ruins_hut_ruined,
          column_ruins_columns_corner, column_ruins_open_tiny,
          column_ruins_columns_straight, column_ruins_grid_1,
          column_ruins_open_tiny, kennysheep_dice, uniq_erica
D:12:     hiddenorc2_lemuel
D:13:     erik_vaults_2, basic_altar, portal_ice_cave_entry_imps, spider_trap,
          uniq_maurice
D:14:     minmay_opposing_rooms
D:15:     hangedman_depths_entry_try_elsewhere_first, lemuel_round_altar,
          hangedman_decor_push
Lair:2:   minmay_shoals_entry_lonely_mermaid
Lair:3:   dummy_snake_entry, infiniplex_staircase_pool
Lair:4:   basic_altar, uniq_sonja
Lair:5:   onia_ninara_swampy_vault
Lair:6:   cheibrodos_lair_end_hotspot, slime_altar_1
Shoals:2: uniq_roxanne
Shoals:4: shoals_end_grunt_ice, shoal_ilsuiw, serial_shops, shop, uniq_nikola
Snake:1:  uniq_aizul
Snake:2:  serial_shops, shop, minmay_shoptagon
Snake:3:  serial_shops, statue_bzr, st_stairs_5
Snake:4:  grunt_snake_rune_spirals
Vaults:1: grunt_tower_of_power, v_pattern_4, grunt_vaults_twisty, v_misc_32,
          v_misc_8, nicolae_vaults_ninety_degrees, ontoclasm_vaults_gateway,
          nicolae_vaults_network_star, hangedman_vaults_slice,
          vaults_room_pools, serial_shops, shop_fountains,
          portal_desolation_entry_salt
Vaults:2: vaults_mumra_hexcomb, nicolae_vaults_rhombus_7, v_misc_26,
          ontoclasm_vaults_ring_small, nicolae_vaults_border_crossing,
          vaults_room_door_hall, hangedman_vaults_locks,
          ontoclasm_vaults_decontamination, nicolae_vaults_network_s,
          nicolae_vaults_meeting, vaults_room_hallway, nicolae_vaults_asterisk,
          serial_shops, nicolae_shop_stone
Vaults:3: nicolae_vaults_windows_and_doors_thing, v_rooms_6,
          vaults_room_hallway, dpeg_vaults_monster_box, vaults_room_door_ring,
          hangedman_vaults_river_flow, minmay_crypt_entry_simple_sparse,
          dpeg_vaults_pockets_of_resistance, ontoclasm_vaults_ring_large,
          vaults_room_fours, v_misc_15, grunt_vaults_focal, v_misc_9, v_misc_15,
          vaults_mumra_lcd, uniq_xtahua
Crypt:1:  uniq_donald
Crypt:2:  gammafunk_the_bubble, lemuel_elevator
Crypt:3:  grunt_crypt_end_deaths_head, uniq_bai_suzhen
Bazaar:   bazaar_kb_twisted_cavern
Ossuary:  ossuary_tomb_3
IceCv:    ice_cave_small_necro

Skill      XL: |  1  2  3  4  5  6  7  8  9 10 11 12 13 14 15 16 17 18 19 20 21 22 |
---------------+-------------------------------------------------------------------+-----
Maces & Flails | 3 4 5 7 9 11 13 14 16 | 16.0
Fighting       | 5 8 10 11 12 14 15 16 18 20 21 | 21.4
Armour         | 5 8 10 11 12 14 15 16 18 20 | 20.0
Shields        | 5 8 10 11 12 14 15 18 20 21 | 21.5
Invocations    | 3 5 7 10 | 10.7
Dodging        | 4 7 9 10 12 15 16 17 | 17.3
Throwing       | 5 9 10 | 10.0
Evocations     | 5 9 10 | 10.5

Action                   |  1- 3 |  4- 6 |  7- 9 | 10-12 | 13-15 | 16-18 | 19-21 | 22-24 || total
-------------------------+-------+-------+-------+-------+-------+-------+-------+-------++-------
Melee: Flail             |    56 |   118 |   227 |   848 |  1353 |   331 |       |       ||  2933
       Headbutt          |    10 |    21 |    43 |   168 |   397 |   397 |   428 |   104 ||  1568
       Morningstar       |       |       |       |       |       |   999 |  1229 |   368 ||  2596
Invok: Divine Shield     |       |       |       |     1 |     4 |     1 |     1 |       ||     7
       Summon Divine War |       |       |       |     1 |     6 |     6 |     3 |     6 ||    22
       Cleansing Flame   |       |       |       |     2 |     4 |     6 |     4 |     8 ||    24
 Abil: Evoke Flight      |       |       |       |       |       |     2 |       |       ||     2
Evoke: Wand              |       |       |       |     6 |     2 |     4 |     6 |       ||    18
       Lightning rod     |       |       |       |     1 |       |       |       |       ||     1
  Use: Scroll            |       |     4 |    10 |    11 |    11 |    10 |     7 |    12 ||    65
       Potion            |       |       |     1 |     6 |     3 |    10 |     2 |     6 ||    28
  Eat: Chunk             |     2 |     4 |     9 |    24 |    35 |    21 |    20 |     5 ||   120
       Royal jelly       |       |       |       |     1 |       |     3 |     2 |     2 ||     8
       Fruit             |       |       |       |       |     1 |       |       |     4 ||     5
       Bread ration      |       |       |       |       |     1 |     3 |       |       ||     4
Armor: Scale mail        |    34 |    34 |    58 |   203 |    33 |       |       |       ||   362
       Chain mail        |       |       |       |       |   113 |       |       |       ||   113
       Plate armour      |       |       |       |       |   241 |   502 |   359 |   123 ||  1225
Dodge: Dodged            |    29 |    43 |    53 |   416 |   760 |   987 |   641 |   184 ||  3113
Block: Shield            |    40 |    55 |    79 |   551 |  1240 |  1387 |   465 |       ||  3817
       Reflection        |       |       |       |       |    23 |    40 |       |       ||    63
       Large shield      |       |       |       |       |       |       |   890 |   623 ||  1513

Table legend:
 A = Spawn XP
 B = Non-spawn XP
 C = Spawn XP percentage of total XP
 D = Spawn monster count
 E = Non-spawn monster count
 F = Spawn count percentage of total count
 G = Total turns spent on level
                    A         B        C        D         E        F      G
               +---------+---------+-------+---------+---------+-------+---------
         Total |       0 |  818925 |   0.0 |       0 |    1821 |   0.0 | 46088
               +---------+---------+-------+---------+---------+-------+---------
           D:1 |       0 |      25 |   0.0 |       0 |      12 |   0.0 |  1218
           D:2 |       0 |     108 |   0.0 |       0 |      22 |   0.0 |   752
           D:3 |       0 |     251 |   0.0 |       0 |      27 |   0.0 |   710
           D:4 |       0 |    1395 |   0.0 |       0 |      18 |   0.0 |  1192
           D:5 |       0 |     889 |   0.0 |       0 |      24 |   0.0 |   580
           D:6 |       0 |    1028 |   0.0 |       0 |      25 |   0.0 |   768
           D:7 |       0 |    4688 |   0.0 |       0 |      31 |   0.0 |  1023
           D:8 |       0 |    2378 |   0.0 |       0 |      30 |   0.0 |   858
           D:9 |       0 |    2500 |   0.0 |       0 |      28 |   0.0 |  1348
          D:10 |       0 |    4102 |   0.0 |       0 |      35 |   0.0 |   921
          D:11 |       0 |    7150 |   0.0 |       0 |      48 |   0.0 |  1566
          D:12 |       0 |    3569 |   0.0 |       0 |      45 |   0.0 |   949
          D:13 |       0 |   17253 |   0.0 |       0 |      71 |   0.0 |  1692
          D:14 |       0 |   15601 |   0.0 |       0 |      45 |   0.0 |  1301
          D:15 |       0 |   11913 |   0.0 |       0 |      31 |   0.0 |   611
        Lair:1 |       0 |    6186 |   0.0 |       0 |      49 |   0.0 |  1142
        Lair:2 |       0 |    5646 |   0.0 |       0 |      19 |   0.0 |   853
        Lair:3 |       0 |    5491 |   0.0 |       0 |      25 |   0.0 |   758
        Lair:4 |       0 |    4648 |   0.0 |       0 |      11 |   0.0 |   878
        Lair:5 |       0 |   14904 |   0.0 |       0 |      38 |   0.0 |  1208
        Lair:6 |       0 |   18628 |   0.0 |       0 |      58 |   0.0 |  1431
      Shoals:1 |       0 |   10429 |   0.0 |       0 |      24 |   0.0 |   759
      Shoals:2 |       0 |   18062 |   0.0 |       0 |      29 |   0.0 |  1012
      Shoals:3 |       0 |    7681 |   0.0 |       0 |      13 |   0.0 |   442
      Shoals:4 |       0 |   47302 |   0.0 |       0 |      81 |   0.0 |  2529
       Snake:1 |       0 |   17684 |   0.0 |       0 |      30 |   0.0 |  2036
       Snake:2 |       0 |   10464 |   0.0 |       0 |      15 |   0.0 |   966
       Snake:3 |       0 |   33137 |   0.0 |       0 |      72 |   0.0 |  2326
       Snake:4 |       0 |   75022 |   0.0 |       0 |     121 |   0.0 |  2934
      Vaults:1 |       0 |   56964 |   0.0 |       0 |      84 |   0.0 |  1327
      Vaults:2 |       0 |   80138 |   0.0 |       0 |     120 |   0.0 |  1395
      Vaults:3 |       0 |   91007 |   0.0 |       0 |     116 |   0.0 |  1776
       Crypt:1 |       0 |   28706 |   0.0 |       0 |      50 |   0.0 |   848
       Crypt:2 |       0 |   43159 |   0.0 |       0 |      47 |   0.0 |   734
       Crypt:3 |       0 |   84665 |   0.0 |       0 |     128 |   0.0 |  1259
        Tomb:1 |       0 |   31516 |   0.0 |       0 |      37 |   0.0 |  1630
        Tomb:2 |       0 |    2492 |   0.0 |       0 |      10 |   0.0 |    16
       Ossuary |       0 |     183 |   0.0 |       0 |      16 |   0.0 |   192
         IceCv |       0 |    6699 |   0.0 |       0 |      54 |   0.0 |   813
    Desolation |       0 |   45262 |   0.0 |       0 |      82 |   0.0 |  1118
               +---------+---------+-------+---------+---------+-------+---------
